 Dungeon Crawl Stone Soup version 0.16-a0-3843-ged98c6c (console) character file.

2706 mauris the Spear-Bearer (level 9, -2/88 HPs)
             Began as a Merfolk Transmuter on Jan 30, 2015.
             Was a High Priest of Cheibriados.
             Slain by an orc warrior
             ... wielding a +0 halberd
              (19 damage)
             ... on level 6 of the Dungeon.
             The game lasted 00:21:21 (8424 turns).

mauris the Spear-Bearer (Merfolk Transmuter)        Turns: 8424, Time: 00:21:22

Health: -2/88      AC:  8    Str: 28    XL:     9   Next: 65%
Magic:  18/21      EV: 14    Int: 27    God:    Cheibriados [*****.]
Gold:   241        SH:  0    Dex: 29    Spells: 3 memorised, 3 levels left

rFire  . . .     SeeInvis .     y - +0 trident
rCold  . . .     Clarity  .     c - +1 robe
rNeg   . . .     SustAb   .     (no shield)
rPois  .         Gourm    .     r - +2 hat
rElec  .         Spirit   .     (no cloak)
rCorr  .         Warding  .     i - +2 pair of gloves
rMut   .         Stasis   .     (no boots)
MR     .....                    (no amulet)
Stlth  ..........               (no ring)
                                (no ring)

@: berserking (expiring), very slow, not resistant to hostile enchantments,
extremely unstealthy
A: change form in water, swift swim
a: Bend Time, Temporal Distortion, Slouch, Step From Time, Renounce Religion


You were on level 6 of the Dungeon.
You worshipped Cheibriados.
Cheibriados was extremely pleased with you.
You were not hungry.

You visited 1 branch of the dungeon, and saw 7 of its levels.

You collected 241 gold pieces.

Inventory:

Hand weapons
 b - a +0 blowgun {@w1}
 y - a +0 trident (weapon)
Missiles
 s - 27 poisoned needles
Armour
 c - a +1 robe (worn)
 i - a +2 pair of gloves (worn)
 r - a +2 hat (worn)
Jewellery
 D - a cursed ring of teleportation {unknown}
Magical devices
 v - a wand of frost (15)
 B - a wand of magic darts (0)
 F - a wand of teleportation (5) {@v4}
Scrolls
 e - a scroll of recharging {unknown}
 f - a scroll of fog
 j - 2 scrolls of fear
 m - a scroll of remove curse {unknown}
 n - a scroll of enchant armour
 p - a scroll of blinking {unknown}
 u - a scroll of teleportation {@r4}
 w - a scroll of magic mapping {unknown}
Potions
 k - a potion of beneficial mutation
 l - a potion of cure mutation
 o - a potion of restore abilities
 q - a potion of magic {unknown}
 t - a potion of berserk rage {!q}
 A - 2 potions of brilliance {unknown}
Books
 d - a book of Changes

   Spells                             Type                      Level
   a - Beastly Appendage              Transmutation                1
   b - Sticks to Snakes               Transmutation                2
   c - Spider Form                    Transmutation/Poison         3
   d - Ice Form                       Ice/Transmutation            4
   e - Blade Hands                    Transmutation                5
 g - a book of Enchantments

   Spells                             Type                      Level
   a - Tukima's Dance                 Hexes                        3
   b - Cause Fear                     Hexes                        4
   c - Silence                        Hexes/Air                    5
   d - Deflect Missiles               Charms/Air                   6
   e - Haste                          Charms                       6
   f - Discord                        Hexes                        8
 E - a book of Power

   Spells                             Type                      Level
   a - Fulminant Prism                Conjuration/Hexes            4
   b - Iskenderun's Mystic Blast      Conjuration                  4
   c - Venom Bolt                     Conjuration/Poison           5
   d - Bolt of Magma                  Conjuration/Fire/Earth       5
   e - Iron Shot                      Conjuration/Earth            6
   f - Orb of Destruction             Conjuration                  7
   g - Spellforged Servitor           Conjuration/Summoning        7
Comestibles
 a - 3 bread rations
 h - a fruit
 x - a meat ration
 z - a beef jerky


   Skills:
 - Level 1.1 Fighting
 - Level 10.2 Polearms
 - Level 2.6 Dodging
 - Level 5.0 Unarmed Combat
 - Level 2.0 Spellcasting
 - Level 7.5 Transmutations
 + Level 9.2 Invocations


You had 3 spell levels left.
You knew the following spells:

 Your Spells              Type           Power        Failure   Level  Hunger
a - Beastly Appendage     Trmt           #####.       1%          1    None
b - Spider Form           Trmt/Pois      ###.......   10%         3    ###....
c - Blade Hands           Trmt           #####.....   14%         5    ######.


Dungeon Overview and Level Annotations

Branches:
Dungeon (7/15)             Temple (0/1) D:6

Altars:
Cheibriados
Makhleb
Vehumet
Jiyva

Annotations:
D:4 exclusion: 2 downstairs


Message History

The orc warrior barely misses you. The orc warrior misses you.
Things that are here:
a club; a kobold corpse You hit the orc warrior.
The orc warrior is moderately wounded.
You barely miss the orc warrior.
The orc warrior is moderately wounded.
The orc warrior hits you with a halberd!
Huge Dmg: -14%(-12hp) hp: 39%(34hp)
You hit the orc warrior. Your punch misses the orc warrior.
The orc warrior is heavily wounded.
The orc warrior hits you with a halberd!!
* * * LOW HITPOINT WARNING * * *
Huge Dmg: -20%(-18hp) hp: 19%(16hp)
You hit the orc warrior.
The orc warrior is heavily wounded.
You closely miss the orc warrior.
The orc warrior is heavily wounded.
The orc warrior hits you with a halberd!!
You die...

....... '.....>..' .
..##'# ####.......# ...
..# .. .....#....#
..... ..#
...##........###...#
..#
...................##
..#
.......................
..#
......#'#..o..........
..##+##..
#.#.#o##.......$
.....##.####.#.#m#
.......
.....##.#....#.#.#
.Z$....
#....##.##.....#.#
###o...
.....##.#......#.# ...
.....##.#.....##.. .
....>##.#.....##..
#....##.#....[##..#
#.......#.....##..#
#...##.##.....##..#


You could see an orc warrior and an orc priest.

Vanquished Creatures
  The ghost of emiel the Grappler, an experienced CeTm (D:6)
  The ghost of kroki the Slasher, an average OpFi (D:5)
  An orc warrior (D:6)
  A black bear (D:6)
  An ice beast (D:5)
  4 ogres
  A sky beast (D:5)
  A phantom (D:5)
  A centaur (D:5)
  4 giant frogs (D:6)
  2 scorpions
  6 crimson imps
  A quasit (D:6)
  2 jellies (D:5)
  2 orc priests
  A giant frog skeleton (D:3)
  3 hounds (D:4)
  2 centaur skeletons
  2 iguanas
  A worker ant (D:6)
  An orc wizard (D:4)
  Ijyb (D:2)
  A gnoll (D:4)
  7 adders
  3 worms
  2 giant geckos
  7 oozes
  27 orcs
  A bat skeleton (D:6)
  5 giant cockroaches
  11 goblins
  8 hobgoblins
  3 jackals (D:1)
  16 kobolds
  3 quokkas
  15 bats
  A giant gecko skeleton (D:5)
  6 giant newts
  A jackal zombie (D:6)
  A quokka skeleton (D:5)
  20 rats
178 creatures vanquished.

Notes
Turn   | Place    | Note
--------------------------------------------------------------
     0 | D:1      | mauris, the Merfolk Transmuter, began the quest for the Orb.
     0 | D:1      | Reached XP level 1. HP: 15/15 MP: 3/3
    48 | D:1      | Huge Dmg: 6 Dmg
    51 | D:1      | Huge Dmg: 2 Dmg
    83 | D:1      | Reached XP level 2. HP: 9/21 MP: 2/4
   519 | D:1      | Reached skill level 4 in Transmutations
   713 | D:1      | Huge Dmg: 7 Dmg
  1189 | D:2      | Reached XP level 3. HP: 26/26 MP: 4/6
  1262 | D:2      | Found a snail-covered altar of Cheibriados.
  1262 | D:2      | Noticed Ijyb
  1280 | D:2      | Huge Dmg: 4 Dmg
  1284 | D:2      | Killed Ijyb
  1284 | D:2      | Reached skill level 5 in Transmutations
  1315 | D:2      | Became a worshipper of Cheibriados the Contemplative
  1320 | D:2      | Learned a level 3 spell: Spider Form
  1769 | D:2      | Reached XP level 4. HP: 23/32 MP: 5/7
  1811 | D:2      | Huge Dmg: 7 Dmg
  2504 | D:3      | Reached skill level 1 in Invocations
  2634 | D:3      | Huge Dmg: 6 Dmg
  2638 | D:3      | Huge Dmg: 5 Dmg
  2640 | D:3      | Huge Dmg: 5 Dmg
  2640 | D:3      | HP: 1/32 [giant frog skeleton (6)]
  2641 | D:3      | Huge Dmg: 6 Dmg
  2643 | D:3      | Reached XP level 5. HP: 1/37 MP: 7/9
  2647 | D:3      | jesus
  3967 | D:4      | Huge Dmg: 7 Dmg
  4202 | D:4      | Reached XP level 6. HP: 40/43 MP: 7/11
  4304 | D:4      | Noticed an ogre
  4313 | D:4      | Killed an ogre
  4313 | D:4      | Acquired Cheibriados' first power
  4313 | D:4      | Reached skill level 5 in Invocations
  4872 | D:5      | Entered Level 5 of the Dungeon
  4906 | D:5      | Reached skill level 6 in Invocations
  4906 | D:5      | Reached XP level 7. HP: 48/48 MP: 10/15
  4986 | D:5      | Found a viscous altar of Jiyva.
  5055 | D:4      | Huge Dmg: 10 Dmg
  5060 | D:4      | Huge Dmg: 9 Dmg
  5062 | D:4      | Huge Dmg: 11 Dmg
  5063 | D:4      | Huge Dmg: 9 Dmg
  5065 | D:4      | Huge Dmg: 3 Dmg
  5638 | D:5      | Huge Dmg: 18 Dmg
  5640 | D:5      | Acquired Cheibriados' second power
  5803 | D:5      | Huge Dmg: 12 Dmg
  5812 | D:5      | Huge Dmg: 9 Dmg
  5813 | D:5      | Huge Dmg: 7 Dmg
  6004 | D:5      | Noticed kroki's ghost (average OpFi)
  6005 | D:5      | god
  6005 | D:5      | chei is fucking awful
  6014 | D:5      | Reached skill level 7 in Transmutations
  6021 | D:5      | Huge Dmg: 15 Dmg
  6033 | D:5      | Huge Dmg: 12 Dmg
  6035 | D:4      | Huge Dmg: 4 Dmg
  6402 | D:5      | Reached skill level 5 in Unarmed Combat
  6402 | D:5      | Reached XP level 8. HP: 40/54 MP: 14/18
  6455 | D:5      | Huge Dmg: 13 Dmg
  6456 | D:5      | Huge Dmg: 8 Dmg
  6822 | D:5      | Huge Dmg: 12 Dmg
  6823 | D:5      | Huge Dmg: 10 Dmg
  6824 | D:5      | Killed kroki's ghost
  6824 | D:5      | Reached skill level 5 in Polearms
  7126 | D:5      | Learned a level 5 spell: Blade Hands
  7134 | D:5      | Acquired Cheibriados' third power
  7134 | D:5      | Reached skill level 8 in Polearms
  7518 | D:5      | Found a burning altar of Makhleb.
  7519 | D:5      | Found a radiant altar of Vehumet.
  7605 | D:5      | Reached skill level 9 in Polearms
  7654 | D:6      | Reached XP level 9. HP: 59/59 MP: 13/19
  7729 | D:6      | Huge Dmg: 15 Dmg
  7732 | D:6      | Reached skill level 10 in Polearms
  7878 | D:6      | Found a staircase to the Ecumenical Temple.
  8092 | D:6      | Noticed emiel's ghost (experienced CeTm)
  8101 | D:6      | Huge Dmg: 14 Dmg
  8103 | D:6      | Killed emiel's ghost
  8262 | D:6      | Huge Dmg: 9 Dmg
  8412 | D:6      | Huge Dmg: 15 Dmg
  8413 | D:6      | Huge Dmg: 14 Dmg
  8422 | D:6      | Huge Dmg: 12 Dmg
  8423 | D:6      | Huge Dmg: 18 Dmg
  8424 | D:6      | Slain by an orc warrior

Action                   |  1- 3 |  4- 6 |  7- 9 || total
-------------------------+-------+-------+-------++-------
Melee: Unarmed           |   174 |   259 |    98 ||   531
       Trident           |       |       |   185 ||   185
 Cast: Beastly Appendage |    14 |    18 |    10 ||    42
       Spider Form       |       |     8 |    10 ||    18
       Blade Hands       |       |       |     4 ||     4
Evoke: Wand              |       |       |     2 ||     2
  Use: Scroll            |       |     2 |     5 ||     7
       Potion            |       |       |     1 ||     1
 Stab: Sleeping          |     1 |     4 |     5 ||    10
       Distracted        |       |       |     1 ||     1
  Eat: Chunk             |     3 |     9 |    10 ||    22
       Fruit             |       |       |     1 ||     1

Vault maps used:
D:1:      tarquinn_simple_flora_water_a, nrook_mini_backslash
D:2:      old_standard_altar, uniq_iyjb
D:3:      first_bread
D:4:      grunt_ministairs_6, cheibrodos_gnoll_hut
D:5:      grunt_temple_overflow_lords_of_destruction,
          hangedman_abyss_or_decor_lesser_grid, jiyva_altar_1
D:6:      erik_ogre, minmay_temple_entry_mist
D:7:      lemuel_zombie_altar_yredelemnul, serial_shops, kennysheep_little_box
